 Dungeon Crawl Stone Soup version 0.31-a0-675-g238779eb0a (webtiles) character file.

Game seed: 11663211528495734216

76 qw the Shooter (level 4, -1/28 HPs)
             Began as a Gargoyle Hunter on Sept 5, 2023.
             Slain by an orc
             ... wielding a +0 trident
              (3 damage)
             ... on level 3 of the Dungeon.
             The game lasted 00:00:38 (2021 turns).

qw the Shooter (Gargoyle Hunter)                    Turns: 2021, Time: 00:00:39

Health: -1/28      AC:  8    Str: 20    XL:     4   Next: 32%
Magic:  4/4        EV: 11    Int: 10    God:
Gold:   121        SH:  0    Dex: 15    Spells: 3/3 levels left

rFire   . . .        Y - +0 shortbow
rCold   . . .        (shield currently unavailable)
rNeg    + . .        d - +0 ring mail
rPois   inf          (no helmet)
rElec   +            (no cloak)
rCorr   .            (no gloves)
SInv    .            (no boots)
Will    .....        h - amulet of faith
Stlth   +            g - +6 ring of strength
HPRegen 0.24/turn    (no ring)
MPRegen 0.09/turn

%: faith
@: about to teleport
A: sickness immunity, AC +3, negative energy resistance 1, electricity
resistance, torment resistance 1, petrification resistance
a: no special abilities


You were on level 3 of the Dungeon.
You visited 1 branch of the dungeon, and saw 3 of its levels.

You collected 121 gold pieces.


Innate Abilities, Weirdness & Mutations

You are immune to sickness and miasma.
Your stone body is resilient. (AC +3)
You are immune to poison.
You resist negative energy. (rN+)
You are resistant to electric shocks. (rElec)
You are resistant to unholy torment.
You are immune to petrification.


   Skills:
 - Level 3.0 Fighting
 + Level 5.2 Ranged Weapons
 - Level 1.0 Armour
 - Level 1.5 Dodging
 - Level 1.1 Stealth


You had 3 spell levels left.
You didn't know any spells.
Your spell library was empty.

Inventory:

Hand Weapons
 Y - a +0 shortbow (weapon)
Armour
 d - a +0 ring mail (worn)
Jewellery
 g - a +6 ring of strength (left hand)
 h - an amulet of faith (around neck)
Scrolls
 c - a scroll of identify
Potions
 a - a potion of degeneration {unknown}
 e - a potion of ambrosia {unknown}
 f - a potion of heal wounds {unknown}
 i - 2 potions of haste {unknown}

Dungeon Overview and Level Annotations

Branches:
Dungeon (3/15)

Altars:

Annotations:
D:2 1 runed translucent door, Crazy Yiuf


Message History

The orc hits you but does no damage. The orc closely misses you.
A worm comes into view.
You shoot an arrow. The arrow hits the orc.
The orc is heavily wounded.
The orc hits you from afar with a +0 trident.
You shoot an arrow. The arrow hits the orc.
You kill the orc!
The orc hits you from afar with a +0 trident.
The orc hits you from afar with a +0 trident!
The orc barely misses you.
You shoot an arrow. The arrow barely misses the orc. x2
The orc hits you but does no damage. x2
You shoot an arrow. The arrow completely misses the orc.
The arrow barely misses the orc.
The arrow hits the worm.
The worm is moderately wounded.
The orc hits you but does no damage. x2
You shoot an arrow. The arrow hits the orc.
You kill the orc!
The orc hits you from afar with a +0 trident.
You shoot an arrow. The arrow hits the orc.
You kill the orc!
The orc hits you but does no damage.
You shoot an arrow. The arrow hits the orc.
The orc is severely wounded.
The orc hits you but does no damage. x2
The orc hits you from afar with a +0 trident.
You shoot an arrow. The arrow hits the orc!
You kill the orc!
The orc hits you from afar with a +0 trident.
You shoot an arrow. The arrow hits the worm.
The worm is lightly wounded.
The orc hits you but does no damage.
You shoot an arrow. The arrow hits the worm.
The worm is moderately wounded.
The orc hits you from afar with a +0 trident!
2021 ||| READING scroll of teleportation.
As you read the scroll of teleportation, it crumbles to dust.
You feel strangely unstable.
The orc hits you from afar with a +0 trident.
You die...

#....................#
#.....)..............#
#...<................#
##.....................
##..|..#..............#
##...##.##.###..........#
.#..####.##.#
#..........#
.............##......
............@#......$
...........##w.......
...........##.o%.....
.##.................
#...>....#........
#...##...#........
........#..#.......
#..........?......%.
......###.#.........


You could see a worm and an orc.

Vanquished Creatures
  2 adders (D:2)
  2 dart slugs (D:2)
  4 orcs (D:3)
  4 endoplasms
  A giant cockroach (D:3)
  5 goblins
  4 hobgoblins
  A jackal (D:3)
  2 quokkas
  6 ball pythons
  4 bats
  5 frilled lizards
  6 kobolds
  3 rats
49 creatures vanquished.

Notes
Turn   | Place    | Note
-------+----------+-------------------------------------------
     0 | D:1      | qw the Gargoyle Hunter began the quest for the Orb.
     0 | D:1      | Reached XP level 1. HP: 12/12 MP: 1/1
     0 | D:1      | 0 ||| qw: Version: 0.3-a-75-g829b12e
     0 | D:1      | 0 ||| qw: Game counter: 32
     0 | D:1      | 0 ||| qw: Melee chars always use a shield: true
     0 | D:1      | 0 ||| qw: God list: Okawaru
     0 | D:1      | 0 ||| qw: Allow faded altars: false
     0 | D:1      | 0 ||| qw: Do Orc after clearing Dungeon:15 true
     0 | D:1      | 0 ||| qw: Do second Lair branch before Depths: true
     0 | D:1      | 0 ||| qw: Lair rune preference: random
     0 | D:1      | 0 ||| qw: Goals: Normal
     0 | D:1      | 0 ||| PLANNING D:1-11
   160 | D:1      | Reached XP level 2. HP: 14/17 MP: 2/2
   415 | D:1      | You fall into a shaft and drop 1 floor!
   474 | D:2      | 474 ||| UPGRADING to +0 ring mail.
   484 | D:2      | 484 ||| DROPPING +0 leather armour.
   485 | D:2      | 485 ||| UPGRADING to +6 ring of strength.
   486 | D:2      | 486 ||| READING scroll labelled XAWUKU CIXKAI.
   487 | D:2      | 487 ||| READING scroll labelled APHIZU LIHUGE.
   492 | D:2      | 492 ||| DROPPING scroll of butterflies.
   935 | D:2      | 935 ||| STAIRDANCE
   943 | D:2      | Reached skill level 1 in Armour
   988 | D:2      | Reached XP level 3. HP: 18/21 MP: 3/3
  1126 | D:2      | Reached skill level 5 in Ranged Weapons
  1431 | D:2      | Reached XP level 4. HP: 27/27 MP: 4/4
  1610 | D:2      | Found a runed translucent door.
  1611 | D:2      | Noticed Crazy Yiuf
  1874 | D:2      | 1874 ||| UPGRADING to amulet of faith.
  1959 | D:3      | Reached skill level 3 in Fighting
  2003 | D:3      | 2003 ||| Stepping ~*~*~tactically~*~*~ (retreating).
  2004 | D:3      | 2004 ||| Stepping ~*~*~tactically~*~*~ (retreating).
  2005 | D:3      | 2005 ||| Stepping ~*~*~tactically~*~*~ (retreating).
  2020 | D:3      | HP: 1/28 [orc/+0 trident (7)]
  2021 | D:3      | 2021 ||| READING scroll of teleportation.
  2021 | D:3      | Slain by an orc

Levels and vault maps discovered:
D:1:      minmay_arrival_split_and_join, layout_basic, reono_crystal_passage,
          minmay_pentomino_s4
D:2:      layout_basic, uniq_crazy_yiuf_cottage
D:3:      layout_rooms, hangedman_decor_lopped

Skill      XL: |  1  2  3  4 |
---------------+-------------+-----
Armour         | 1 |  1.0
Ranged Weapons | 5 |  5.2
Fighting       | 3 |  3.0
Dodging        | |  1.5
Stealth        | |  1.1

Action                     |  1- 3 |  4- 6 || total
---------------------------+-------+-------++-------
   Fire: Shortbow          |   119 |    36 ||   155
    Use: Scroll            |     2 |     1 ||     3
 Armour: Leather armour    |     8 |       ||     8
         Ring mail         |    25 |    24 ||    49
  Dodge: Dodged            |    37 |     8 ||    45

Table legend:
 A = Non-vault XP
 B = Vault XP
 C = Vault XP percentage of total XP
 D = Non-vault monster count
 E = Vault monster count
 F = Vault count percentage of total count
                 A         B        C        D         E       F
            +---------+---------+-------+---------+---------+-------
      Total |     105 |       4 |   3.7 |      47 |       2 |   4.1
            +---------+---------+-------+---------+---------+-------
        D:1 |      24 |       4 |  14.3 |      18 |       2 |  10.0
        D:2 |      57 |       0 |   0.0 |      19 |       0 |   0.0
        D:3 |      24 |       0 |   0.0 |      10 |       0 |   0.0
            +---------+---------+-------+---------+---------+-------
